 Dungeon Crawl Stone Soup version 0.27.1-2-g3b301248ec (webtiles) character file.

Game seed: 10504010643205812083

656 VictoriousLee the Zephyrmancer (level 7, -9/36 HPs)
             Began as a Tengu Summoner on Sept 28, 2021.
             Mangled by Duvessa (15 damage)
             ... on level 5 of the Dungeon.
             The game lasted 00:19:52 (5923 turns).

VictoriousLee the Zephyrmancer (Tengu Summoner)     Turns: 5923, Time: 00:19:53

Health: -9/36      AC:  2    Str:  8    XL:     7   Next: 55%
Magic:  11/14      EV: 14    Int: 18    God:
Gold:   166        SH:  0    Dex: 14    Spells: 4/14 levels left

rFire    + . .     SeeInvis .   t - +2 falchion (elec)
rCold    . . .     Faith    .   (no shield)
rNeg     + . .     Spirit   .   y - +0 robe {rF+}
rPois    .         Reflect  .   (helmet restricted)
rElec    .         Harm     .   (no cloak)
rCorr    .         Rampage  .   (no gloves)
Will     .....                  (boots unavailable)
Stlth    ++........             b - amulet of magic regeneration
HPRegen  0.12/turn              e - ring of positive energy
MPRegen  0.39/turn              (no ring)

@: flying quickly and evasively, quick
A: beak, talons 3, nimble flight
a: no special abilities


You were on level 5 of the Dungeon.
You visited 1 branch of the dungeon, and saw 5 of its levels.

You collected 166 gold pieces.

Inventory:

Hand Weapons
 c - a +0 whip
 i - a +0 spear
 n - a +0 trident
 t - a +2 falchion of electrocution (weapon)
 z - a +3 dagger
Missiles
 g - 3 javelins
 s - 18 poisoned darts
Armour
 a - a +0 robe
 j - a +0 leather armour
 m - a +0 scale mail
 o - a +0 buckler
 y - a +0 robe of fire resistance (worn)
Magical Staves
 q - a staff of fire
Jewellery
 b - an amulet of magic regeneration (around neck)
 e - a ring of positive energy (left hand)
Wands
 A - a wand of paralysis (3)
Scrolls
 d - a scroll of holy word {unknown}
 f - 3 scrolls of teleportation {unknown}
 l - a scroll of identify {unknown}
 p - a scroll of blinking {unknown}
 v - a scroll of noise {unknown}
 x - a scroll of enchant weapon {unknown}
Potions
 h - 2 potions of lignification {unknown}
 k - 2 potions of heal wounds {unknown}
 r - a potion of flight {unknown}
 u - 2 potions of brilliance {unknown}
 w - a potion of haste {unknown}


   Skills:
 - Level 2.1 Dodging
 - Level 2.0 Stealth
 - Level 4.0 Spellcasting
 - Level 6.0 Summonings
 + Level 0.7 Transmutations
 - Level 8.0 Air Magic


You had 4 spell levels left.
You knew the following spells:

 Your Spells              Type           Power      Damage    Failure   Level
a - Call Imp              Summ           25%        N/A       1%          2
b - Summon Small Mammal   Summ           100%       N/A       1%          1
c - Call Canine Familiar  Summ           25%        N/A       3%          3
s - Summon Lightning Spi  Summ/Air       28%        N/A       9%          4

Your spell library contained the following spells:

 Spells                   Type           Power      Damage    Failure   Level
 Summon Guardian Golem    Hex/Summ       14%        N/A       13%         3
 Freeze                   Ice            12%        1d4       14%         1
 Frozen Ramparts          Ice            6%         1d2       41%         3
 Hailstorm                Conj/Ice       3%         3d3       82%         4
 Storm Form               Tmut/Air       9%         N/A       100%        7
 Maxwell's Capacitive Co  Air            16%        ∞         100%        8


Dungeon Overview and Level Annotations

Branches:
Dungeon (5/15)
 Temple: D:4-7

Altars:
Fedhas
Okawaru
Uskayaw

Annotations:
D:5 Duvessa


Innate Abilities, Weirdness & Mutations

You have a beak for a mouth.
You have claws for feet.
Your magical nature lets you fly swiftly and evasively.


Message History

Dowan dies!
You hear a distant scream of rage.
Duvessa, Sister of Dowan comes into view.
She is wielding a +4 vampiric short sword.
Duvessa goes berserk!
Your lightning spire shoots out a bolt of lightning at Duvessa!
The bolt of electricity hits Duvessa!
Duvessa hits your lightning spire with a +4 vampiric short sword!
Your lightning spire shoots out a bolt of lightning at Duvessa!
The bolt of electricity hits Duvessa!
Duvessa hits your lightning spire with a +4 vampiric short sword!
Your lightning spire is destroyed!
Duvessa shouts!
Casting: Summon Lightning Spire (quite dangerous; 9% risk of failure)
Confirm with . or Enter, or press ? or * to list all spells.
The spell is quite dangerous to cast (9% risk of failure)!
Continue anyway?
An electric hum fills the air.
Duvessa rages.
You barely miss Duvessa. You peck Duvessa.
Duvessa is moderately wounded.
Your lightning spire shoots out a bolt of lightning at Duvessa!
The bolt of electricity misses Duvessa. x2
The bolt of electricity hits your lightning spire.
Your lightning spire completely resists.
Duvessa hits you with a +4 vampiric short sword!!
Ouch! That really hurt!
* * * LOW HITPOINT WARNING * * *
Duvessa draws strength from your wounds!
Your lightning spire shoots out a bolt of lightning at Duvessa!
The bolt of electricity hits Duvessa.
The bolt of electricity hits Duvessa!
The bolt of electricity hits your lightning spire.
Your lightning spire completely resists.
Okay, then.
Okay, then.
Okay, then.
You closely miss Duvessa. You claw Duvessa, but do no damage.
Duvessa is heavily wounded.
Duvessa closely misses you.
You riposte.
You hit Duvessa but do no damage.
Duvessa is heavily wounded.
Duvessa hits you with a +4 vampiric short sword!
You die...

#..............#
#..............#####
#...................
########............
# #............ #.
#............ #..
#####........
#...#######........
#...)...e@.........
#.$................
###.....8..........
#...........#####
#...........#
#...........#
#....######## #....#
#....#


You could see Duvessa (berserk, fast, ally target) and a friendly lightning
spire (summoned).

Vanquished Creatures
  An ogre (D:4)
  2 water moccasin skeletons
  A howler monkey (D:5)
  A centaur zombie (D:5)
  2 hounds
  An orc priest (D:5)
  A bullfrog skeleton (D:5)
  A centaur skeleton (D:5)
  An iguana (D:4)
  An orc wizard (D:5)
  A hound zombie (D:5)
  A hound skeleton (D:4)
  2 worms
  A dart slug (D:1)
  2 orcs (D:5)
  5 ball pythons
  4 endoplasms
  A giant cockroach (D:2)
  9 goblins
  4 hobgoblins
  4 jackals
  2 quokkas
  2 bats
  3 frilled lizards
  A quokka skeleton (D:4)
  5 rats
59 creatures vanquished.

Vanquished Creatures (collateral kills)
  A scorpion (D:4)
  Dowan (D:5)
  An orc priest (D:5)
  Ijyb (D:5)
  An orc wizard (D:5)
  Robin (D:3)
  6 adders
  2 worms (D:2)
  2 ball pythons (D:1)
  A bat (D:1)
  2 endoplasms (D:1)
  5 goblins
  2 hobgoblins
  A jackal (D:1)
  2 quokkas
  A kobold (D:1)
  3 rats (D:1)
33 creatures vanquished.

Grand Total: 92 creatures vanquished

Notes
Turn   | Place    | Note
-------+----------+-------------------------------------------
     0 | D:1      | VictoriousLee the Tengu Summoner began the quest for the
                  | Orb.
     0 | D:1      | Reached XP level 1. HP: 10/10 MP: 4/4
    41 | D:1      | Reached skill level 5 in Summonings
   428 | D:1      | Reached XP level 2. HP: 13/15 MP: 4/6
   434 | D:1      | Learned a level 2 spell: Call Imp
   536 | D:1      | Found a faded altar of an unknown god.
  1330 | D:2      | Reached XP level 3. HP: 19/19 MP: 7/7
  1483 | D:2      | Reached skill level 1 in Air Magic
  2055 | D:2      | Reached skill level 2 in Air Magic
  2678 | D:3      | Reached XP level 4. HP: 24/24 MP: 8/8
  2865 | D:3      | Reached skill level 3 in Air Magic
  2874 | D:3      | Noticed Robin
  2904 | D:3      | Killed Robin
  3085 | D:3      | Found an iron altar of Okawaru.
  4046 | D:3      | Learned a level 4 spell: Summon Lightning Spire
  4124 | D:4      | Reached skill level 4 in Air Magic
  4125 | D:4      | Noticed a scorpion
  4133 | D:4      | Killed a scorpion
  4134 | D:4      | Gained mutation: Your magical nature lets you fly swiftly
                  | and evasively. [Tengu growth]
  4134 | D:4      | Reached XP level 5. HP: 18/28 MP: 7/9
  4415 | D:4      | Reached skill level 5 in Air Magic
  4511 | D:4      | Reached skill level 6 in Air Magic
  4603 | D:4      | Found a blossoming altar of Fedhas.
  4624 | D:4      | Reached XP level 6. HP: 24/32 MP: 8/10
  4797 | D:4      | Reached skill level 7 in Air Magic
  5082 | D:5      | Entered Level 5 of the Dungeon
  5320 | D:5      | Reached skill level 8 in Air Magic
  5384 | D:5      | Reached XP level 7. HP: 36/36 MP: 9/11
  5575 | D:4      | Learned a level 3 spell: Call Canine Familiar
  5807 | D:5      | Found a hide-covered altar of Uskayaw.
  5868 | D:5      | Noticed Ijyb
  5878 | D:5      | Killed Ijyb
  5908 | D:5      | Noticed Dowan
  5916 | D:5      | Killed Dowan
  5916 | D:5      | Noticed Duvessa
  5923 | D:5      | Mangled by Duvessa

Illustrated notes

Levels and vault maps discovered:
D:1:      saegor_arrival_simple_d, layout_rooms, serial_corexii_hall,
          chequers_hall_statues_y, corexii_hall_statues_i,
          corexii_hall_statues_u, ebering_ecumenical_altar_rust,
          grunt_decor_resistance
D:2:      minmay_door_path, layout_loops_ring
D:3:      layout_basic, okawaru_metal_pillars_3, grunt_ministairs_10, uniq_robin
D:4:      layout_cave_pools, mainiacjoe_overflow_concentric_impassable,
          minivault_19
D:5:      kennysheep_steamy, layout_basic, nicolae_overflow_hidden_temple,
          uniq_ijyb, uniq_duvessa

Skill      XL: |  1  2  3  4  5  6  7 |
---------------+----------------------+-----
Summonings     | 5 6 |  6.0
Air Magic      | 2 4 6 8 |  8.0
Spellcasting   | 4 |  4.0
Dodging        | |  2.1
Stealth        | |  2.0
Transmutations | |  0.7

Action                   |  1- 3 |  4- 6 |  7- 9 || total
-------------------------+-------+-------+-------++-------
Melee: Unarmed           |    25 |       |       ||    25
       Kick              |    16 |    21 |     4 ||    41
       Peck              |     9 |    11 |     5 ||    25
       Whip              |    64 |    34 |       ||    98
       Falchion          |       |    46 |    23 ||    69
Throw: Dart              |       |     1 |     1 ||     2
 Cast: Summon Small Mamm |     6 |       |       ||     6
       Call Imp          |    21 |    17 |       ||    38
       Summon Lightning  |       |     2 |     5 ||     7
 Stab: Sleeping          |     8 |     2 |       ||    10
       Distracted        |       |     1 |       ||     1
Armor: Robe              |    12 |    13 |     3 ||    28
Dodge: Dodged            |    56 |    55 |     9 ||   120
       Rpst.: Falchion   |       |    11 |     2 ||    13
